 Dungeon Crawl Stone Soup version 0.21-a0-504-g2eda330 (webtiles) character file.

47 Roak the Insei (level 3, -3/26 HPs)
             Began as a Barachi Transmuter on Nov 25, 2017.
             Slain by a hobgoblin
             ... wielding a +0 club
              (8 damage)
             ... on level 2 of the Dungeon.
             The game lasted 00:08:41 (1638 turns).

Roak the Insei (Barachi Transmuter)                 Turns: 1638, Time: 00:08:41

Health: -3/26      AC:  2    Str:  9 (11) XL:     3   Next: 70%
Magic:  2/6        EV: 12    Int: 16 (19) God:
Gold:   77         SH:  0    Dex: 10 (12) Spells: 3/6 levels left

rFire    . . .     SeeInvis .     - Unarmed
rCold    . . .     Gourm    .   (no shield)
rNeg     . . .     Faith    .   b - +0 robe
rPois    .         Spirit   .   (no helmet)
rElec    .         Reflect  .   (no cloak)
rCorr    .         Harm     .   (no gloves)
MR       .....                  (no boots)
Stlth    +.........             (no amulet)
HPRegen  0.08/turn              (no ring)
MPRegen  0.10/turn              (no ring)

@: brilliant, slow
A: +LOS, swims, slowness 1, strong legs 1
a: Hop


You were on level 2 of the Dungeon.
You were hungry.

You visited 1 branch of the dungeon, and saw 2 of its levels.

You collected 77 gold pieces.

Inventory:

Hand Weapons
 j - a +0 club
 k - a +0 club
 o - a cursed -3 giant club
Missiles
 a - 34 arrows
 q - 21 stones (quivered)
Armour
 b - a +0 robe (worn)
Scrolls
 e - a scroll of noise {unknown}
 f - 2 scrolls of identify {unknown}
 g - 2 scrolls of teleportation {unknown}
 l - a scroll of immolation {unknown}
 n - 2 scrolls of remove curse {unknown}
Books
 c - a book of Changes

   Spells                             Type                      Level
   a - Beastly Appendage              Transmutation                1
   b - Sticks to Snakes               Transmutation                2
   c - Spider Form                    Transmutation/Poison         3
   d - Ice Form                       Ice/Transmutation            4
   e - Blade Hands                    Transmutation                5
Comestibles
 d - 2 bread rations
 h - 2 meat rations
 s - a fruit


   Skills:
 - Level 1.2 Fighting
 + Level 2.4 Dodging
 + Level 4.6 Unarmed Combat
 - Level 2.1 Spellcasting
 * Level 2.6 Transmutations


You had 3 spell levels left.
You knew the following spells:

 Your Spells              Type           Power        Failure   Level  Hunger
a - Beastly Appendage     Tmut           ###...       1%          1    #......
b - Sticks to Snakes      Tmut           ###.....     1%          2    ###....


Dungeon Overview and Level Annotations

Branches:
Dungeon (2/15)

Altars:


Innate Abilities, Weirdness & Mutations

Shadows flee at your approach. (+LOS)
You can swim through water.
You cover ground slowly.
You can hop short distances.


Message History

It was a potion of curing.
You feel better.
You are ready to hop once more.
The kobold hits you but does no damage.
You closely miss the kobold. Your headbutt misses the kobold.
You closely miss the kobold. The kobold barely misses you.
You barely miss the kobold. The kobold hits you with a short sword.
You hit the kobold.
You kill the kobold!
Your horns disappear.
You hit the goblin but do no damage. The goblin misses you.
You closely miss the goblin. The goblin hits you.
Your magical contamination has completely faded away.
You hit the goblin.
You kill the goblin!
You barely miss the hobgoblin. The hobgoblin hits you with a club.
* * * LOW HITPOINT WARNING * * *
You hit the hobgoblin.
The hobgoblin is severely wounded.
The hobgoblin hits you with a club!
You die...

#.#....##..#
#.##...##..#
#.##....#..########
#....##.#.....>...g
##.####..........K.
#...............##
#.#####....g....#
#.# #####.##### #@#
#.g# #g########.##
#....g.....#
########g.....#
##.............#
##.............##
#..............#
#.................
#..............###


You could see a hobgoblin.

Vanquished Creatures
  An adder (D:2)
  2 worms (D:2)
  2 leopard geckos (D:2)
  5 bats
  3 giant cockroaches
  4 goblins
  5 hobgoblins
  2 kobolds
  A frilled lizard (D:1)
  5 rats
30 creatures vanquished.

Notes
Turn   | Place    | Note
-------+----------+-------------------------------------------
     0 | D:1      | Roak the Barachi Transmuter began the quest for the Orb.
     0 | D:1      | Reached XP level 1. HP: 15/15 MP: 3/3
   177 | D:1      | Reached XP level 2. HP: 20/21 MP: 1/5
   209 | D:1      | Reached skill level 4 in Unarmed Combat
  1054 | D:2      | Reached XP level 3. HP: 26/26 MP: 4/6
  1058 | D:2      | Learned a level 2 spell: Sticks to Snakes
  1638 | D:2      | Slain by a hobgoblin

Vault maps used:
D:1:      dpeg_arrival_simpleton_b, minmay_crystal_room, bh_walls_and_bars
D:2:      overflow_temple_1_default, lemuel_doored_altar, grunt_ministairs_10,
          minmay_hexomino_p4

Skill      XL: |  1  2 |
---------------+-------+-----
Unarmed Combat | 4 |  4.6
Fighting       | |  1.2
Dodging        | |  2.4
Spellcasting   | |  2.1
Transmutations | |  2.6

Action                   || total
-------------------------++-------
Melee: Unarmed           ||   115
       Headbutt          ||     7
       Punch             ||     2
       Kick              ||     7
Throw: Stone             ||     1
 Cast: Beastly Appendage ||    16
       Sticks to Snakes  ||     6
 Abil: Hop               ||     1
  Use: Potion            ||     3
  Eat: Chunk             ||     3
Armor: Robe              ||    22
Dodge: Dodged            ||    53

Table legend:
 A = Spawn XP
 B = Non-spawn XP
 C = Spawn XP percentage of total XP
 D = Spawn monster count
 E = Non-spawn monster count
 F = Spawn count percentage of total count
 G = Total turns spent on level
                    A         B        C        D         E        F      G
               +---------+---------+-------+---------+---------+-------+---------
         Total |       0 |      68 |   0.0 |       0 |      30 |   0.0 |  1638
               +---------+---------+-------+---------+---------+-------+---------
           D:1 |       0 |      28 |   0.0 |       0 |      17 |   0.0 |  1029
           D:2 |       0 |      40 |   0.0 |       0 |      13 |   0.0 |   609
               +---------+---------+-------+---------+---------+-------+---------
